Map: Deathaura LE

Players

MarcoMan

  • Race: Protoss Protoss
  • League: Master
  • Spawn Location: 11:00

iconofsin - Winner!

  • Race: Terran Terran
  • League: Master
  • Spawn Location: 5:00

VOD

Have the link to the VOD?

Description

Time

  • Played on: Jan. 18, 2021, 7:26 p.m.
  • Length: 15:05
Show
View Real Time Build Order
Export as new Build Order

MarcoMan Protoss 

Build Orders: 1 Gate Expand, Blink Stalkers, Carriers 

Get SALT Encoding   

  12  0:01  Probe  
  13  0:13  Probe  
  14  0:17  Pylon  
  14  0:25  Probe (Chrono Boost)  
  15  0:37  Probe (Chrono Boost)  
  15  0:38  Gateway  
  16  0:43  Probe (Chrono Boost)  
  16  0:47  Assimilator  
  17  0:52  Probe  
  18  1:04  Probe  
  19  1:16  Probe  
  20  1:25  Cybernetics Core  
  20  1:34  Nexus  
  20  1:37  Probe  
  21  1:45  Pylon  
  21  1:49  Probe  
  21  1:53  Assimilator  
  22  2:00  Adept (Chrono Boost)  
  22  2:01  Probe  
  22  2:05  Warp Gate  
  25  2:14  Probe (Chrono Boost)  
  26  2:23  Stalker  
  26  2:26  Probe (Chrono Boost)  
  29  2:35  Twilight Council, Probe (Chrono Boost)  
  30  2:40  Probe  
  31  2:52  Probe  
  31  2:53  Sentry  
  31  2:57  Gateway  
  34  3:03  Gateway  
  35  3:05  Probe  
  35  3:08  Probe  
  35  3:11  Blink (Chrono Boost)  
  36  3:19  Probe  
  37  3:23  Probe  
  39  3:34  Probe (Chrono Boost)  
  39  3:35  Probe (Chrono Boost)  
  39  3:40  Pylon  
  40  3:45  Probe (Chrono Boost)  
  40  3:47  Probe (Chrono Boost)  
  42  3:53  Probe  
  43  3:55  Probe  
  44  4:05  Probe, Robotics Facility  
  44  4:07  Stalker x3  
  51  4:11  Probe  
  51  4:12  Pylon  
  52  4:18  Probe  
  52  4:22  Assimilator  
  52  4:23  Probe  
  54  4:25  Assimilator  
  54  4:30  Probe  
  55  4:31  Stalker x2  
  55  4:35  Pylon  
  55  4:36  Probe  
  60  4:42  Stalker  
  62  4:53  Probe x2  
  62  4:54  Observer (Chrono Boost)  
  62  4:59  Nexus  
  65  5:02  Charge (Chrono Boost)  
  65  5:05  Probe  
  66  5:08  Observer (Chrono Boost)  
  66  5:10  Gateway  
  66  5:11  Forge  
  67  5:18  Probe  
  67  5:20  Probe  
  67  5:21  Pylon  
  69  5:26  Gateway  
  69  5:27  Observer  
  70  5:39  Probe  
  70  5:40  Probe  
  70  5:41  Robotics Bay  
  72  5:43  Protoss Ground Armor Level 1 (Chrono Boost)  
  72  5:45  Gateway  
  72  5:46  Photon Cannon  
  72  5:51  Probe (Chrono Boost)  
  72  5:52  Photon Cannon  
  72  5:56  Probe (Chrono Boost)  
  74  6:00  Photon Cannon  
  74  6:03  Probe (Chrono Boost)  
  75  6:07  Sentry, Probe (Chrono Boost)  
  75  6:10  Probe (Chrono Boost)  
  79  6:12  Probe (Chrono Boost)  
  79  6:13  Pylon  
  79  6:14  Pylon  
  79  6:15  Probe  
  81  6:18  Probe  
  81  6:21  Pylon  
  81  6:24  Probe  
  83  6:27  Colossus (Chrono Boost), Probe  
  83  6:30  Probe  
  91  6:35  Assimilator  
  91  6:36  Probe  
  91  6:37  Assimilator  
  91  6:39  Probe  
  93  6:42  Zealot x3  
  93  6:43  Probe  
  100  6:50  Probe  
  100  6:51  Probe  
  102  6:54  Templar Archives  
  102  6:55  Sentry  
  102  7:01  Photon Cannon  
  104  7:02  Stalker x2  
  104  7:03  Stalker  
  110  7:10  Colossus (Chrono Boost)  
  116  7:21  Gateway  
  116  7:23  Colossus (Chrono Boost)  
  116  7:24  Gateway  
  116  7:30  Pylon  
  116  7:32  Pylon  
  116  7:34  Pylon  
  116  7:43  Photon Cannon  
  116  7:45  Nexus  
  116  7:46  Pylon  
  116  7:50  Pylon  
  115  7:56  Stalker x3  
  118  8:09  Photon Cannon  
  118  8:13  Photon Cannon  
  118  8:19  Stalker x4  
  125  8:24  Shield Battery  
  124  8:30  Protoss Ground Armor Level 2 (Chrono Boost)  
  122  8:36  Probe  
  122  8:38  Colossus (Chrono Boost)  
  122  8:40  Probe x2  
  123  8:46  Forge  
  130  8:48  Probe  
  130  8:50  Photon Cannon  
  130  8:52  Probe x2  
  132  9:10  Protoss Ground Weapons Level 1 (Chrono Boost), Probe x3  
  132  9:12  Assimilator  
  132  9:14  Psionic Storm  
  132  9:15  Assimilator, Photon Cannon  
  132  9:16  Colossus (Chrono Boost)  
  135  9:17  Shield Battery, Probe  
  135  9:22  Probe  
  143  9:38  Extended Thermal Lance  
  143  9:42  Nexus  
  143  9:43  Pylon  
  143  9:47  Stargate  
  143  9:52  Stargate  
  143  9:53  Photon Cannon  
  143  9:56  Assimilator  
  143  9:57  Assimilator  
  143  10:05  Stargate  
  143  10:08  Photon Cannon  
  143  10:13  Zealot x4  
  143  10:14  Zealot x2  
  155  10:19  Dark Shrine  
  155  10:29  Protoss Air Weapons Level 1 (Chrono Boost)  
  125  10:44  Observer  
  113  10:51  Colossus (Chrono Boost)  
  113  10:55  Fleet Beacon  
  119  10:58  Zealot  
  119  10:59  Zealot x3  
  119  11:02  Zealot  
  119  11:03  Zealot x3  
  135  11:09  Protoss Ground Armor Level 3 (Chrono Boost)  
  135  11:11  Protoss Ground Weapons Level 2 (Chrono Boost)  
  135  11:19  Zealot  
  135  11:20  Zealot x3  
  141  11:26  Pylon  
  141  11:29  Pylon  
  137  11:38  Carrier x2 (Chrono Boost), Photon Cannon  
  137  11:39  Shield Battery, Carrier (Chrono Boost)  
  137  11:41  Photon Cannon  
  137  11:45  Pylon  
  155  12:08  Nexus  
  155  12:11  Pylon  
  155  12:13  Zealot  
  155  12:14  Zealot x5  
  166  12:20  Nexus  
  166  12:23  Pylon  
  166  12:24  Pylon  
  166  12:29  High Templar x2  
  170  12:32  Carrier (Chrono Boost)  
  170  12:33  Archon  
  176  12:42  Carrier (Chrono Boost)  
  176  12:43  Carrier (Chrono Boost)  
  188  12:55  Protoss Air Weapons Level 2 (Chrono Boost)  
  188  12:56  Probe x3  
  188  12:57  Probe  
  190  13:08  Probe  
  191  13:23  High Templar x4  
  199  13:31  Photon Cannon  
  199  13:33  Photon Cannon x2  
  199  14:06  Nexus  
  199  14:08  Pylon  
  199  14:10  Pylon  
  118  14:49  Zealot  
  118  14:50  Zealot x5  
  118  14:51  Stalker  
  113  14:54  Zealot  
  113  14:59  Photon Cannon  
  109  15:01  Photon Cannon  
Show
View Real Time Build Order
Export as new Build Order

iconofsin Terran - Winner!

Build Orders:  

Get SALT Encoding   

  12  0:00  SCV  
  13  0:12  SCV  
  14  0:17  Supply Depot  
  14  0:24  SCV  
  15  0:38  SCV  
  15  0:40  Barracks  
  16  0:44  Refinery  
  16  0:51  SCV  
  17  1:03  SCV  
  18  1:15  SCV  
  19  1:28  Orbital Command, Marine  
  20  1:40  Command Center  
  20  1:47  Barracks Reactor  
  20  1:53  Supply Depot  
  20  1:57  SCV  
  21  2:09  SCV  
  21  2:11  Factory  
  22  2:21  SCV  
  23  2:23  Bunker  
  23  2:25  Marine x2  
  25  2:33  SCV  
  25  2:36  Refinery  
  26  2:45  SCV  
  26  2:50  Marine  
  26  2:51  Marine  
  29  2:52  Orbital Command  
  29  2:57  SCV  
  29  2:58  Factory Tech Lab  
  30  3:03  Starport  
  30  3:09  SCV  
  31  3:18  SCV  
  32  3:21  SCV  
  32  3:23  Widow Mine, Marine x2  
  37  3:30  SCV  
  37  3:32  Engineering Bay  
  37  3:33  SCV  
  39  3:42  SCV  
  39  3:43  Marine x2  
  39  3:46  SCV  
  39  3:47  Viking  
  45  3:56  SCV  
  45  4:00  Supply Depot  
  46  4:03  Supply Depot  
  46  4:05  Missile Turret  
  46  4:07  Missile Turret  
  46  4:22  Cyclone, SCV x2  
  46  4:23  Supply Depot  
  51  4:25  Marine x2  
  51  4:26  Supply Depot, Starport Tech Lab  
  53  4:34  SCV x2  
  55  4:46  Raven, SCV x2  
  55  4:50  Command Center  
  59  4:56  Siege Tank  
  59  4:57  Marine x2  
  59  4:58  SCV x2  
  66  5:05  Refinery  
  66  5:06  Supply Depot  
  66  5:10  SCV x2  
  68  5:15  Marine x2  
  70  5:22  Supply Depot, SCV x2, Refinery  
  72  5:28  Siege Tank  
  72  5:34  SCV x2  
  77  5:36  Marine x2  
  79  5:43  Banshee, Cloaking Field  
  79  5:46  SCV x2  
  84  5:50  Supply Depot  
  84  5:52  Supply Depot, Missile Turret  
  84  5:53  Missile Turret  
  84  5:54  Missile Turret  
  84  5:58  Missile Turret, SCV x2  
  84  5:59  Missile Turret  
  84  6:03  Orbital Command  
  86  6:06  Missile Turret  
  86  6:11  Siege Tank, Marine x2  
  89  6:16  SCV x2  
  93  6:26  Banshee  
  93  6:28  Engineering Bay x2  
  93  6:29  Missile Turret  
  96  6:33  Marine x2  
  98  6:47  Barracks  
  98  6:48  Barracks  
  98  6:50  Siege Tank  
  100  6:59  Marine x2  
  102  7:02  Orbital Command  
  101  7:13  Terran Infantry Armor Level 1, Terran Infantry Weapons Level 1  
  101  7:16  SCV  
  101  7:17  SCV  
  103  7:28  SCV  
  103  7:29  SCV x2  
  106  7:30  Refinery  
  106  7:32  Missile Turret  
  106  7:34  Marine x2  
  106  7:35  Siege Tank  
  106  7:36  Supply Depot x2  
  111  7:37  Supply Depot x2  
  111  7:38  Barracks Tech Lab  
  111  7:43  SCV  
  111  7:44  Factory, SCV x2  
  114  7:45  Starport Reactor  
  114  7:47  Supply Depot  
  114  7:52  Marine x2  
  116  8:03  Combat Shield, Marauder, Stimpack  
  116  8:04  Marauder  
  120  8:07  Siege Tank, SCV x2  
  125  8:13  Supply Depot, Marine x2  
  125  8:14  Supply Depot  
  125  8:16  Command Center  
  127  8:31  Medivac x2, Marauder, Factory Tech Lab, Marine x2  
  127  8:33  Marauder, SCV x3  
  137  8:40  Refinery  
  134  8:46  Supply Depot  
  134  8:47  Supply Depot  
  134  8:48  Ghost Academy, SCV x3  
  134  8:50  Sensor Tower, Armory  
  136  8:57  Siege Tank  
  136  8:58  Siege Tank  
  136  8:59  Marauder  
  144  9:17  Medivac  
  144  9:21  Marauder x2  
  148  9:25  Enhanced Shockwaves  
  148  9:27  Supply Depot  
  148  9:29  Siege Tank  
  148  9:30  Siege Tank  
  154  9:32  Command Center  
  154  9:36  Missile Turret  
  154  9:37  Engineering Bay  
  154  9:40  Terran Infantry Armor Level 2  
  151  9:56  Marine x2  
  151  9:57  Marauder x2, Viking  
  151  9:59  Supply Depot  
  162  10:13  Planetary Fortress  
  162  10:20  Ghost  
  162  10:21  Missile Turret, Marine x2  
  165  10:25  Terran Infantry Weapons Level 2  
  165  10:28  Missile Turret  
  154  10:42  Marine x2  
  154  10:43  Marauder  
  154  10:49  Marauder  
  160  10:54  Siege Tank  
  163  11:00  Barracks, Refinery  
  163  11:02  Barracks x2, Refinery  
  163  11:03  Missile Turret  
  163  11:04  Planetary Fortress, Barracks, Missile Turret, Sensor Tower, Ghost  
  163  11:07  Command Center  
  163  11:08  Command Center  
  163  11:10  Ghost  
  167  11:13  Missile Turret, SCV  
  167  11:14  SCV x3  
  167  11:15  Missile Turret  
  171  11:25  SCV  
  171  11:26  SCV x2  
  171  11:29  Neosteel Armor, Supply Depot  
  171  11:30  Missile Turret  
  171  11:31  SCV  
  175  11:38  SCV x3  
  178  11:43  SCV  
  179  11:47  Ghost, Marine  
  179  11:48  Ghost, Siege Tank, Marine  
  179  11:49  Siege Tank  
  179  11:50  SCV  
  179  11:52  Barracks Tech Lab x3  
  179  11:53  Barracks Tech Lab  
  191  12:35  Ghost x4  
  199  12:38  Orbital Command  
  199  13:14  Missile Turret x2  
  199  13:15  Missile Turret  
  199  13:16  Missile Turret  
  199  13:23  Personal Cloaking, Armory  
  199  13:26  Armory  
  199  13:29  Fusion Core  
  199  13:31  Command Center, Starport x2  
  199  13:34  Refinery  
  199  13:36  Refinery  
  199  13:47  Sensor Tower  
  199  13:48  Missile Turret  
  199  13:55  Planetary Fortress  
  199  13:56  Missile Turret  
  199  13:57  Missile Turret  
  199  14:11  Command Center  
  199  14:21  Missile Turret, Refinery x2  
  199  14:23  Sensor Tower  
  199  14:24  Missile Turret  
  182  14:41  Missile Turret  
Tags
 
Add a new tag
Caveats
  • Supply blocks, unpowered buildings, or Contaminate may cause inaccurate times.
  • Supply counts are checked every 10 seconds.